 Dungeon Crawl Stone Soup version 0.26.0-9-gab577f9fc5 (webtiles) character file.

Game seed: 5592905272273877334

1139 Froggeryz the Slicer (level 8, -4/44 HPs)
             Began as a Kobold Transmuter on Jan 13, 2021.
             Was a Believer of Qazlal.
             Shot with a bolt by an orc warrior (31 damage)
             ... in a bailey.
             The game lasted 00:07:06 (7703 turns).

Froggeryz the Slicer (Kobold Transmuter)            Turns: 7703, Time: 00:07:07

Health: -4/44      AC:  7    Str:  9    XL:     8   Next: 63%
Magic:  11/11      EV: 19    Int: 14    God:    Qazlal [**....]
Gold:   394        SH:  3    Dex: 16    Spells: 10/11 levels left

rFire    . . .     SeeInvis .   D - +0 arbalest
rCold    . . .     Faith    .   (shield currently unavailable)
rNeg     . . .     Spirit   .   i - +0 ring mail
rPois    .         Reflect  .   (no helmet)
rElec    .         Harm     .   (no cloak)
rCorr    .         Rampage  .   s - +0 pair of gloves
Will     .....                  l - +0 pair of boots
Stlth    ++........             (no amulet)
HPRegen  0.14/turn              p - +4 ring of evasion
MPRegen  0.12/turn              (no ring)

@: no status effects
A: small, nightstalker 3
a: Renounce Religion, Upheaval


You were in a bailey.
You worshipped Qazlal.
Qazlal was pleased with you.
You visited 1 branch of the dungeon, and saw 7 of its levels.
You also visited: Bailey.

You collected 394 gold pieces.

Inventory:

Hand Weapons
 e - a +0 dagger of electrocution
 D - a +0 arbalest (weapon)
Missiles
 A - 15 poisoned darts
 E - 16 bolts (quivered ammo)
Armour
 i - a +0 ring mail (worn)
 l - a +0 pair of boots (worn)
 s - a +0 pair of gloves (worn)
 w - the cursed +0 robe of Grace {Rampage rN++ Dex+3 Stlth-}
   (You found it on level 4 of the Dungeon)

   It affects your dexterity (+3).
   It greatly protects you from negative energy.
   It bestows one free step when moving towards enemies.
   It makes you less stealthy.
   It has a curse placed upon it.
Jewellery
 p - a +4 ring of evasion (left hand)
 x - an uncursed amulet of magic regeneration {unknown}
 B - an uncursed amulet of reflection {unknown}
Wands
 q - a wand of digging (4)
Scrolls
 a - 6 scrolls of teleportation
 d - a scroll of fog {unknown}
 g - 5 scrolls of identify
 j - 4 scrolls of remove curse
 k - a scroll of magic mapping {unknown}
 m - 2 scrolls of blinking {unknown}
 r - 2 scrolls of amnesia {unknown}
 t - a scroll of fear {unknown}
 u - a scroll of random uselessness {unknown}
 y - a scroll of enchant armour {unknown}
 z - a scroll of vulnerability {unknown}
Potions
 b - 4 potions of degeneration {unknown}
 c - 3 potions of curing
 f - 2 potions of heal wounds {unknown}
 h - 2 potions of lignification {unknown}
 n - 2 potions of brilliance {unknown}
 o - a potion of haste {unknown}
 v - 2 potions of flight {unknown}
 C - a potion of mutation {unknown}


   Skills:
 - Level 2.1 Fighting
 * Level 10.1 Short Blades
 - Level 2.3 Armour
 + Level 5.5 Dodging
 - Level 3.0 Unarmed Combat
 - Level 2.1 Spellcasting
 - Level 2.0 Transmutations


You had 10 spell levels left.
You knew the following spells:

 Your Spells              Type           Power        Failure   Level
a - Beastly Appendage     Tmut           14%          28%         1

Your spell library contained the following spells:

 Spells                   Type           Power        Failure   Level
 Wereblood                Tmut           7%           38%         2
 Freeze                   Ice            4%           54%         1
 Shock                    Conj/Air       4%           54%         1
 Swiftness                Air            1%           67%         2
 Spider Form              Tmut/Pois      2%           77%         3
 Frozen Ramparts          Ice            2%           88%         3
 Ozocubu's Armour         Ice            1%           88%         3
 Static Discharge         Conj/Air       1%           88%         3
 Airstrike                Air            0%           99%         4
 Hailstorm                Conj/Ice       1%           99%         4
 Ice Form                 Ice/Tmut       4%           99%         4
 Summon Ice Beast         Ice/Summ       1%           99%         4
 Blade Hands              Tmut           3%           100%        5
 Lightning Bolt           Conj/Air       0%           100%        5


Dungeon Overview and Level Annotations

Branches:
Dungeon (7/15)             Temple (0/1) D:5          Bailey (1/1)

Altars:
Ashenzari
Fedhas
Hepliaklqana
Nemelex Xobeh
Qazlal
Trog
Wu Jian
Xom
Zin

Annotations:
D:5 5 runed translucent doors


Innate Abilities, Weirdness & Mutations

You are small and have problems with some larger weapons.
You are completely attuned to the shadows.


Message History

Qazlal accepts your kill.
No target in view!
Items here: ( ) [ †.
D - a +0 arbalest;
E - 18 bolts Your +0 dagger of electrocution stops crackling.
D - a +0 arbalest (weapon)
An orc warrior comes into view. It is wielding a +0 arbalest.
The orc warrior shoots a bolt.
The bolt closely misses you.
You see here a bolt.
The orc warrior shoots a bolt.
The bolt hits you!
You hear a shout!
You see here a bolt.
You shoot a bolt. The bolt hits the orc warrior.
The orc warrior is lightly wounded.
The orc warrior shoots a bolt.
You block the bolt.
You shoot a bolt.
The bolt closely misses the orc warrior.
The orc warrior shoots a bolt.
The bolt hits you!!
Ouch! That really hurt!
You die...

......#
.......#
........#
........#
.........(.#
...........#
...........#
....§..[...#
....@(.....#
......§....#
...........#
≈≈≈≈.......#
#o#≈≈......#
......#
......#
......#
......#


You could see an orc warrior.

Vanquished Creatures
  3 ogres
  A centaur (D:6)
  2 scorpions (D:5)
  A centaur zombie (D:6)
  A hound (D:4)
  A jelly (D:7)
  An orc priest (D:3)
  2 iguanas
  Jessica (D:3)
  Natasha (thrice) (D:3)
  3 worker ants
  11 adders
  10 gnolls
  2 white imps
  3 adder skeletons
  2 worms (D:3)
  A dart slug (D:3)
  9 leopard geckos
  16 orcs
  6 giant cockroaches
  10 goblins
  8 hobgoblins
  7 jackals
  7 kobolds
  3 quokkas
  A ball python (D:2)
  9 bats
  6 frilled lizards
  A jackal skeleton (D:6)
  9 rats
140 creatures vanquished.

Notes
Turn   | Place    | Note
-------+----------+-------------------------------------------
     0 | D:1      | Froggeryz the Kobold Transmuter began the quest for the
                  | Orb.
     0 | D:1      | Reached XP level 1. HP: 12/12 MP: 3/3
   528 | D:1      | Reached XP level 2. HP: 16/16 MP: 5/5
   545 | D:1      | Reached skill level 1 in Short Blades
   699 | D:1      | Reached skill level 2 in Short Blades
   959 | D:1      | Reached XP level 3. HP: 21/21 MP: 6/6
  1455 | D:2      | Reached skill level 3 in Short Blades
  1685 | D:2      | Reached XP level 4. HP: 7/26 MP: 7/7
  1718 | D:2      | HP: 1/26 [goblin (3)]
  2216 | D:2      | Found a glowing silver altar of Zin.
  2735 | D:3      | Reached skill level 4 in Short Blades
  2735 | D:3      | Reached skill level 1 in Armour
  2737 | D:3      | Reached XP level 5. HP: 30/30 MP: 8/8
  2757 | D:3      | Reached skill level 5 in Short Blades
  3061 | D:3      | Noticed Jessica
  3072 | D:3      | Killed Jessica
  3338 | D:3      | Reached XP level 6. HP: 29/35 MP: 9/9
  3460 | D:3      | Noticed Natasha
  3464 | D:3      | Killed Natasha
  3647 | D:3      | Noticed Natasha
  3661 | D:3      | Killed Natasha
  3662 | D:3      | Reached skill level 6 in Short Blades
  4038 | D:3      | Noticed Natasha
  4044 | D:3      | Killed Natasha
  4239 | D:3      | Found a faded altar of an unknown god.
  4455 | D:3      | Became a worshipper of Qazlal Stormbringer
  4455 | D:3      | Reached * piety under Qazlal
  4549 | D:3      | Found a sacrificial altar of Ru.
  4549 | D:3      | Found a basalt altar of Yredelemnul.
  4549 | D:3      | Found a broken altar of Ashenzari.
  4553 | D:3      | Found a sparkling altar of Nemelex Xobeh.
  4553 | D:3      | Found a shimmering altar of Xom.
  4556 | D:3      | Found a bloodstained altar of Trog.
  4958 | D:4      | Got a distressingly furry robe
  4961 | D:4      | Identified the cursed +0 robe of Grace {Rampage rN++ Dex+3
                  | Stlth-} (You found it on level 4 of the Dungeon)
  5001 | D:4      | Reached XP level 7. HP: 40/40 MP: 10/10
  5115 | D:4      | Reached skill level 7 in Short Blades
  5439 | D:4      | Found a blossoming altar of Fedhas.
  5468 | D:5      | Entered Level 5 of the Dungeon
  5471 | D:5      | Found a runed translucent door.
  5472 | D:5      | Noticed a soldier ant
  5472 | D:5      | Noticed a water moccasin
  5473 | D:5      | Noticed a soldier ant
  5473 | D:5      | Noticed a soldier ant
  5477 | D:5      | Found a runed translucent gate.
  5479 | D:5      | Found a runed translucent gate.
  5479 | D:5      | Found a runed translucent gate.
  5481 | D:5      | Noticed a soldier ant
  5481 | D:5      | Noticed a soldier ant
  5487 | D:5      | Noticed a soldier ant
  5487 | D:5      | Noticed a soldier ant
  5487 | D:5      | Noticed a soldier ant
  5490 | D:5      | Found a runed translucent door.
  5504 | D:5      | Found the +9 staff of Olgreb {rPois∞}
  5685 | D:5      | Reached skill level 8 in Short Blades
  5738 | D:5      | Found a hazy altar of Hepliaklqana.
  6068 | D:5      | Found a staircase to the Ecumenical Temple.
  6114 | D:5      | Found a hazy altar of Hepliaklqana.
  6181 | D:5      | Found a broken altar of Ashenzari.
  6181 | D:5      | Found an ornate altar of the Wu Jian Council.
  6335 | D:6      | Reached XP level 8. HP: 44/44 MP: 11/11
  6353 | D:6      | Reached ** piety under Qazlal
  6373 | D:6      | Reached skill level 9 in Short Blades
  6687 | D:6      | Reached skill level 5 in Dodging
  7575 | D:7      | Reached skill level 10 in Short Blades
  7650 | D:7      | Found a flagged portal.
  7656 | Bailey   | Entered a bailey
  7703 | Bailey   | Shot with a bolt by an orc warrior

Illustrated notes

Levels and vault maps discovered:
D:1:      noname_arrival_rooms_in_the_neighbourhood, layout_basic, hex_medium,
          chequers_serial_rivers_small_a, minmay_tromino_v2
D:2:      layout_loops_ring, lemuel_doored_altar
D:3:      minmay_razor_zed, layout_basic, doesnt_xom_only_xom,
          chequers_ecumenical_altar_grove, uniq_jessica, uniq_natasha
D:4:      layout_cave_pools, fedhas_ov_isle_minmay
D:5:      layout_loops_ring, gammafunk_temple_overflow_pools,
          lemuel_crystal_altar, lemuel_temple_firewalk_a, basic_altar,
          minmay_guarded_unrand_staff_of_olgreb
D:6:      layout_cave_pools
D:7:      layout_rooms, gammafunk_temple_of_torment,
          lightli_bailey_entry_fortress, chequers_serial_rivers_small_b,
          roderic_roman_lattice
Bailey:   bailey_polearm_2, bailey

Skill      XL: |  1  2  3  4  5  6  7  8 |
---------------+-------------------------+-----
Short Blades   | 2 3 4 5 6 8 10 | 10.1
Fighting       | 2 |  2.1
Armour         | 1 2 |  2.3
Dodging        | 4 5 |  5.5
Unarmed Combat | |  3.0
Spellcasting   | |  2.1
Transmutations | |  2.0

Action                   |  1- 3 |  4- 6 |  7- 9 || total
-------------------------+-------+-------+-------++-------
Melee: Short sword       |    32 |       |       ||    32
       Unarmed           |    12 |       |       ||    12
       Headbutt          |     1 |       |       ||     1
       Dagger            |    67 |   219 |   204 ||   490
       Punch             |       |     2 |       ||     2
 Fire: Arbalest          |       |       |     2 ||     2
Throw: Dart              |       |       |     1 ||     1
 Cast: Beastly Appendage |     1 |       |       ||     1
  Use: Potion            |     1 |       |       ||     1
       Scroll            |       |     3 |       ||     3
 Stab: Sleeping          |     7 |     6 |       ||    13
       Distracted        |     1 |       |       ||     1
Armor: Leather armour    |    31 |     2 |       ||    33
       Robe              |     3 |       |       ||     3
       Ring mail         |       |    48 |    17 ||    65
Dodge: Dodged            |    84 |   106 |    90 ||   280
Block: Other             |       |       |    11 ||    11
